 Dungeon Sprint DCSS version 0.22-a0-412-g2b68d144a4 (webtiles) character file.

8552 Denreik the Slayer (level 11, -1/137 HPs)
             Began as a Minotaur Berserker on May 12, 2018.
             Was the Champion of Trog.
             Slain by a catoblepas (2 damage)
             ... in the Dungeon (Sprint IX: "|||||||||||||||||||||||||||||").
             The game lasted 00:15:41 (1025 turns).

Denreik the Slayer (Minotaur Berserker)             Turns: 1025, Time: 00:15:41

Health: -1/137     AC: 17    Str: 25    XL:     11   Next: 11%
Magic:  10/10      EV:  2    Int:  4    God:    Trog [******]
Gold:   0          SH:  0    Dex: 10    Spells: 10/10 levels left

rFire    . . .     SeeInvis .   a - +4 quarterstaff (speed)
rCold    . . .     Gourm    .   (shield currently unavailable)
rNeg     + + +     Faith    .   q - +0 plate armour
rPois    ∞         Spirit   .   (helmet restricted)
rElec    .         Reflect  .   (no cloak)
rCorr    .         Harm     .   (no gloves)
MR       .....     NoTele   +   y - +0 pair of boots
Stlth    ..........             (no amulet)
HPRegen  0.32/turn              (no ring)
MPRegen  0.12/turn              (no ring)

@: petrified, berserk cooldown
A: retaliatory headbutt, horns 2
a: Berserk, Trog's Hand, Brothers in Arms, Renounce Religion


You were in the Dungeon.
You worshipped Trog.
Trog was exalted by your worship.
You were hungry.

You visited 1 branch

Inventory:

Hand Weapons
 a - a +4 quarterstaff of speed (weapon)
 b - a +4 hunting sling of freezing
 n - a +2 dire flail of draining
 o - a +2 halberd of venom
 u - a +0 long sword
 C - a +1 battleaxe of venom
 D - a +8 flail of protection
Armour
 q - a +0 plate armour (worn)
 r - a +1 scale mail
 y - a +0 pair of boots (worn)
Jewellery
 s - a +3 ring of intelligence
 t - a +3 ring of intelligence
Wands
 m - a wand of iceblast (10)
Scrolls
 i - 3 scrolls of blinking
 l - 3 scrolls of remove curse
 z - 3 scrolls of identify
 A - a scroll of fog
Potions
 d - 5 potions of curing
 e - 3 potions of heal wounds
 f - a potion of haste
 g - 4 potions of magic
 h - a potion of berserk rage
 j - a potion of invisibility
 v - a potion of agility
 w - 2 potions of resistance
 x - a potion of might
Comestibles
 c - a ration
 k - 3 chunks of flesh


   Skills:
 - Level 25.4 Fighting
 - Level 3.6 Maces & Flails
 * Level 13.7 Armour
 - Level 2.1 Dodging


You had 10 spell levels left.
You didn't know any spells.
Your spell library was empty.

Dungeon Overview and Level Annotations

Branches:
Dungeon (1/1)

Altars:
Cheibriados
Dithmenos
Elyvilon
Fedhas
Gozag
Hepliaklqana
Kikubaaqudgha
Makhleb
Nemelex Xobeh
Okawaru
Qazlal
Ru
Sif Muna
Trog
Uskayaw
Vehumet
Wu Jian
Xom
Yredelemnul
Zin
The Shining One
Beogh
Jiyva
Lugonu


Innate Abilities, Weirdness & Mutations

You reflexively headbutt those who attack you in melee.
You have a pair of horns on your head.


Message History

You feel yourself speed up.
Your skin stops crawling.
You feel less resistant to hostile enchantments.
The catoblepas breathes a plume of calcifying dust at you.
The blast of calcifying dust hits you!
* * * LOW HITPOINT WARNING * * *
You have turned to stone.
The catoblepas gores you but does no damage.
The catoblepas gores you!
* * * LOW HITPOINT WARNING * * *
The catoblepas gores you!
* * * LOW HITPOINT WARNING * * *
The catoblepas gores you. The catoblepas gores you!!
* * * LOW HITPOINT WARNING * * *
The catoblepas breathes a plume of calcifying dust at you.
The blast of calcifying dust hits you!
You are engulfed in calcifying dust.
The catoblepas gores you.
* * * LOW HITPOINT WARNING * * *
You are engulfed in calcifying dust.
The catoblepas gores you.
You die...

▓▓▓▓▓▓▓▓▓▓▓▓▓▓▓▓▓▓▓▓▓▓▓▓▓▓▓▓▓▓▓▓▓
...))'[....)|?.'_________________
▓▓▓▓▓▓▓▓▓▓▓▓▓▓▓▓▓▓▓▓▓▓▓▓▓▓▓▓▓▓▓▓▓
.................................
▓▓▓▓▓▓▓▓▓▓▓▓▓▓▓▓▓▓▓▓▓▓▓▓▓▓▓▓▓▓▓▓▓
......†YY@§§.....††.......
▓▓▓▓▓▓▓▓▓▓▓▓▓▓▓▓▓▓▓▓▓▓▓▓▓▓


You could see a catoblepas and a yak.

Vanquished Creatures
  A hydra (D)
  2 catoblepae (D)
  3 death yaks (D)
  An unseen horror (D)
  A cyclops (D)
  An elephant (D)
  A black mamba (D)
  A rime drake (shapeshifter) (D)
  2 komodo dragons (D)
  A troll (D)
  A blink frog (D)
  2 hippogriffs (D)
  2 yaks (D)
  A hungry ghost (D)
  2 water moccasins (D)
  A porcupine (D)
  An ice beast (D)
  An eye of draining (D)
  An orc warrior (D)
  2 ogres (D)
  A wolf (D)
  A crocodile (D)
  4 bullfrogs (D)
  2 crimson imps (D)
  A hell rat (D)
  A worker ant (D)
  An adder (D)
  An ooze (D)
  An adder zombie (D)
  A leopard gecko (D)
  A giant cockroach (D)
  A bat (D)
  A kobold (D)
  A rat (D)
46 creatures vanquished.

Notes
Turn   | Place    | Note
-------+----------+-------------------------------------------
     0 | D        | Denreik the Minotaur Berserker began the quest for the Orb.
     0 | D        | Reached XP level 1. HP: 19/19 MP: 0/0
     4 | D        | Reached skill level 4 in Fighting
     6 | D        | Reached skill level 5 in Fighting
     9 | D        | Reached ** piety under Trog
    16 | D        | Reached skill level 6 in Fighting
    16 | D        | Reached XP level 2. HP: 16/30 MP: 1/1
   160 | D        | Noticed a crimson imp
   160 | D        | Noticed a crimson imp
   164 | D        | Killed a crimson imp
   164 | D        | Reached *** piety under Trog
   164 | D        | Reached skill level 9 in Fighting
   164 | D        | Reached XP level 3. HP: 42/42 MP: 2/2
   196 | D        | Reached skill level 10 in Fighting
   196 | D        | Reached XP level 4. HP: 22/53 MP: 3/3
   380 | D        | Found a roughly hewn altar of Beogh.
   380 | D        | Found a snail-covered altar of Cheibriados.
   380 | D        | Found a shadowy altar of Dithmenos.
   380 | D        | Found a white marble altar of Elyvilon.
   380 | D        | Found a blossoming altar of Fedhas.
   380 | D        | Found an opulent altar of Gozag.
   381 | D        | Found a hazy altar of Hepliaklqana.
   382 | D        | Found a viscous altar of Jiyva.
   383 | D        | Found an ancient bone altar of Kikubaaqudgha.
   384 | D        | Found a corrupted altar of Lugonu.
   385 | D        | Found a burning altar of Makhleb.
   386 | D        | Found a sparkling altar of Nemelex Xobeh.
   387 | D        | Found an iron altar of Okawaru.
   388 | D        | Found a stormy altar of Qazlal.
   389 | D        | Found a sacrificial altar of Ru.
   390 | D        | Found a deep blue altar of Sif Muna.
   391 | D        | Found a bloodstained altar of Trog.
   392 | D        | Found a hide-covered altar of Uskayaw.
   393 | D        | Found a radiant altar of Vehumet.
   394 | D        | Found an ornate altar of the Wu Jian Council.
   395 | D        | Found a shimmering altar of Xom.
   396 | D        | Found a basalt altar of Yredelemnul.
   397 | D        | Found a glowing silver altar of Zin.
   398 | D        | Found a glowing golden altar of the Shining One.
   450 | D        | Noticed a hippogriff
   450 | D        | Noticed an ogre
   450 | D        | Noticed an ogre
   450 | D        | Noticed a hungry ghost
   450 | D        | Noticed an ice beast
   453 | D        | Killed an ice beast
   453 | D        | Reached **** piety under Trog
   453 | D        | Reached skill level 13 in Fighting
   453 | D        | Reached XP level 5. HP: 64/64 MP: 4/4
   459 | D        | Killed a hungry ghost
   459 | D        | Reached skill level 15 in Fighting
   459 | D        | Reached XP level 6. HP: 77/77 MP: 5/5
   461 | D        | Reached skill level 16 in Fighting
   468 | D        | Killed a hippogriff
   468 | D        | Reached ***** piety under Trog
   468 | D        | Reached skill level 17 in Fighting
   468 | D        | Reached XP level 7. HP: 89/89 MP: 6/6
   527 | D        | Noticed a harpy
   527 | D        | Noticed a cyclops
   527 | D        | Noticed a troll
   528 | D        | Noticed a rime drake
   528 | D        | a harpy changed into a rime drake
   530 | D        | Reached skill level 18 in Fighting
   532 | D        | Killed an unseen horror
   532 | D        | Reached skill level 20 in Fighting
   532 | D        | Reached XP level 8. HP: 102/102 MP: 7/7
   534 | D        | Killed a troll
   540 | D        | Killed a cyclops
   540 | D        | Reached skill level 21 in Fighting
   544 | D        | Killed a rime drake
   544 | D        | Reached XP level 9. HP: 114/114 MP: 0/8
   548 | D        | Reached skill level 22 in Fighting
   747 | D        | Noticed a komodo dragon
   750 | D        | Received a gift from Trog
   759 | D        | Noticed a black mamba
   762 | D        | Killed a komodo dragon
   762 | D        | Received a gift from Trog
   762 | D        | Reached skill level 23 in Fighting
   772 | D        | Killed a black mamba
   832 | D        | Noticed an elephant
   832 | D        | Noticed a komodo dragon
   832 | D        | Noticed a four-headed hydra
   836 | D        | Killed a four-headed hydra
   836 | D        | Reached skill level 24 in Fighting
   836 | D        | Reached XP level 10. HP: 128/128 MP: 9/9
   852 | D        | Killed an elephant
   852 | D        | Reached ****** piety under Trog
   852 | D        | Reached skill level 25 in Fighting
   854 | D        | Received a gift from Trog
   966 | D        | Noticed a catoblepas
   966 | D        | Noticed a catoblepas
   966 | D        | Noticed a death yak
   966 | D        | Noticed a death yak
   970 | D        | Noticed a death yak
   971 | D        | Killed a death yak
   975 | D        | Noticed a catoblepas
   980 | D        | Killed a death yak
   985 | D        | Killed a catoblepas
   985 | D        | Received a gift from Trog
   993 | D        | Killed a catoblepas
   993 | D        | Reached XP level 11. HP: 69/137 MP: 10/10
  1000 | D        | Killed a death yak
  1022 | D        | HP: 3/137 [catoblepas (10)]
  1024 | D        | HP: 1/137 [catoblepas (3)]
  1025 | D        | Slain by a catoblepas

Vault maps used:
D:        linesprint

Skill      XL: |  1  2  3  4  5  6  7  8  9 10 11 |
---------------+----------------------------------+-----
Fighting       | 6 9 10 13 15 17 20 21 24 25 | 25.4
Armour         | 12 13 | 13.7
Maces & Flails | |  3.6
Dodging        | |  2.1

Action                   |  1- 3 |  4- 6 |  7- 9 | 10-12 || total
-------------------------+-------+-------+-------+-------++-------
Melee: Mace              |    30 |       |       |       ||    30
       Headbutt          |     4 |     4 |    13 |    25 ||    46
       Quarterstaff      |       |    15 |    44 |    56 ||   115
Invok: Berserk           |     1 |     1 |     3 |     1 ||     6
       Trog's Hand       |       |       |       |     1 ||     1
  Use: Potion            |       |       |       |     2 ||     2
  Eat: Chunk             |       |       |     4 |     2 ||     6
Armor: Animal skin       |     8 |       |       |       ||     8
       Scale mail        |       |     1 |     1 |       ||     2
       Plate armour      |       |       |     8 |    16 ||    24
Dodge: Dodged            |    19 |     3 |    10 |    14 ||    46

Table legend:
 A = Spawn XP
 B = Non-spawn XP
 C = Spawn XP percentage of total XP
 D = Spawn monster count
 E = Non-spawn monster count
 F = Spawn count percentage of total count
 G = Total turns spent on level
                    A         B        C        D         E        F      G
               +---------+---------+-------+---------+---------+-------+---------
         Total |       0 |   12218 |   0.0 |       0 |      46 |   0.0 |  1025
               +---------+---------+-------+---------+---------+-------+---------
             D |       0 |   12218 |   0.0 |       0 |      46 |   0.0 |  1025
               +---------+---------+-------+---------+---------+-------+---------
